 Dungeon Sprint DCSS version 0.32-a0-953-g508020473e (webtiles) character file.

Game seed: 14546337446975277756

9 BigDaddyOpFi the Trooper (level 2, -29/24 HPs)
             Began as a Coglin Berserker on Apr 16, 2024.
             Was a Follower of Trog.
             Killed from afar by an oklob sapling (35 damage)
             ... with a splash of acid
             ... in the Dungeon (Sprint IV: "Fedhas' Mad Dash").
             The game lasted 00:00:29 (211 turns).

BigDaddyOpFi the Trooper (Coglin Berserker)          Turns: 211, Time: 00:00:30

Health: -29/24     AC: -1    Str: 17    XL:     2   Next: 16%
Magic:  2/2        EV: 11    Int:  6    God:    Trog [*.....]
Gold:   0          SH:  0    Dex: 13    Spells: 1/1 levels left

rFire   . . .        a - +0 hand axe {Agustín}
rCold   . . .        j - +1 dagger (venom) {Edeltraud}
rNeg    . . .        b - +0 animal skin
rPois   .            (no helmet)
rElec   .            (no cloak)
rCorr   .            (no gloves)
SInv    .            (no boots)
Will    .....        (amulet unavailable)
Stlth   +            (ring unavailable)
HPRegen 0.24/turn    (ring unavailable)
MPRegen 0.08/turn    (no gizmo)

%: no teleportation
@: corroded, on berserk cooldown, slowed, revving, very slow
A: off-hand wielding, slow wielding, warmup strikes, no jewellery
a: Invent Gizmo, Renounce Religion, Berserk


You were in the Dungeon.
You worshipped Trog.
Trog was aware of your devotion.
You visited 1 branch

Inventory:

Hand Weapons
 a - a +0 hand axe (weapon) {Agustín}
 c - a +0 dagger {Cortez}
 j - a +1 dagger of venom (offhand) {Edeltraud}
Armour
 b - a +0 animal skin (worn)
Scrolls
 i - a scroll of blinking
Potions
 d - a potion of curing
 e - a potion of heal wounds
 f - a potion of haste
 g - 2 potions of magic


   Skills:
 + Level 3.6 Fighting
 + Level 3.6 Axes
 + Level 2.5 Armour
 + Level 2.5 Dodging


You had one spell level left.
You didn't know any spells.
Your spell library was empty.

Dungeon Overview and Level Annotations

Branches:
Dungeon (1/1)

Altars:

Annotations:
D exclusion: oklob sapling


Innate Abilities, Weirdness & Mutations

You can wield a second weapon in your off-hand.
It takes a long time for you to wield or remove held weapons.
Your first few attacks do less damage.
You cannot equip rings or amulets.


Message History

Your +1 dagger of venom begins to drip with poison!
You welcome your +1 dagger of venom "Edeltraud" into your grasp.
You open the door.
An oklob sapling comes into view.
The oklob sapling spits acid at you. The splash of acid hits you!!
Ouch! That really hurt!
* * * LOW HITPOINT WARNING * * *
Marking area around an oklob sapling as unsafe for travelling.
Found 30 gold pieces.
Warning You start resting.
HP restored.
You start waiting.
Done waiting.
Okay, then.
Okay, then.
You can't wear jewellery.
Warning
Okay, then.
A red film seems to cover your vision as you go berserk!
You feel yourself moving faster!
You feel mighty!
You feel a strong urge to attack something.
The oklob sapling spits acid at you. The splash of acid hits you!!
Ouch! That really hurt!
* * * LOW HITPOINT WARNING * * *
The acid corrodes you!
Warning You feel your anger nearly subside.
There is an open door here.
You hit the oklob sapling but do no damage. x2
You are no longer berserk.
You are exhausted.
You feel yourself slow down.
You hit the oklob sapling but do no damage. x2
The oklob sapling spits acid at you. The splash of acid hits you!!
Ouch! That really hurt!
You die...

##################
#<..P#.....#.$$$$#
#PP..'.†...@.#
#PPPP#.....#P#
##############


You could see an oklob sapling.

Vanquished Creatures
  A river rat (D)
  A rat (D)
2 creatures vanquished.

Notes
Turn   | Place    | Note
-------+----------+-------------------------------------------
     0 | D        | BigDaddyOpFi the Coglin Berserker began the quest for the
                  | Orb.
     0 | D        | Reached XP level 1. HP: 18/18 MP: 1/1
    10 | D        | Reached XP level 2. HP: 20/24 MP: 2/2
    25 | D        | Noticed an oklob sapling
   211 | D        | Killed from afar by an oklob sapling

Illustrated notes

Levels and vault maps discovered:
D:        dungeon_sprint_fedhas [sprint_temple]

Skill      XL: |  1 |
---------------+----+-----
Armour         | 2 |  2.5
Dodging        | 2 |  2.5
Fighting       | |  3.6
Axes           | |  3.6

Action                     || total
---------------------------++-------
  Melee: Dagger            ||     6
         Hand axe          ||     6
    Use: Potion            ||     1
 Armour: Animal skin       ||     4
  Dodge: Dodged            ||     2

Table legend: (Time is in decaauts)
 A = Elapsed time spent in this place.
 B = Non-inter-level travel time spent in this place.
 C = Inter-level travel time spent in this place.
 D = Time resting spent in this place.
 E = Time spent auto-exploring this place.
 F = Levels seen in this place.
 G = Mean time per level.
                   A        B        C        D        E       F      G
               +--------+--------+--------+--------+--------+-----+--------+
         Total |    209 |    209 |      0 |    177 |      0 |   1 |  209.0 |
       Dungeon |    209 |    209 |      0 |    177 |      0 |   1 |  209.0 |
               +--------+--------+--------+--------+--------+-----+--------+

Top non-repeatable levels by time:
       D: 209 daAuts
